Map: Prion Terraces

Players

noseknowsall

  • Race: Terran Terran
  • League: Diamond

A.I. 1 (Very Easy) - Winner!

  • Race: Zerg Zerg

VOD

Have the link to the VOD?

Description

Time

  • Played on: Jan. 27, 2016, 4:59 p.m.
  • Length: 4:59
Show
View Real Time Build Order
Export as new Build Order

noseknowsall Terran 

Build Orders: Reaper Expand 

Get SALT Encoding   

  12  0:01  SCV  
  13  0:13  SCV  
  14  0:17  Supply Depot  
  14  0:25  SCV  
  15  0:39  SCV  
  15  0:40  Barracks  
  16  0:46  Refinery  
  16  0:51  SCV  
  17  1:03  SCV  
  18  1:15  SCV  
  19  1:27  Orbital Command  
  19  1:29  Reaper  
  20  1:41  Command Center  
  20  1:52  Supply Depot  
  20  1:53  SCV  
  21  2:01  Marine  
  21  2:06  SCV  
  23  2:08  Refinery  
  23  2:16  Factory  
  23  2:18  SCV  
  24  2:26  Barracks Reactor  
  24  2:30  SCV  
  25  2:42  SCV  
  26  2:54  SCV, Orbital Command  
  27  3:06  SCV  
  27  3:07  Starport  
  27  3:09  Hellion x2  
  32  3:14  Supply Depot  
  32  3:18  Marine, SCV  
  34  3:23  SCV  
  35  3:27  Armory  
  35  3:30  SCV  
  35  3:32  Hellion  
  35  3:33  Hellion  
  40  3:37  Marine  
  40  3:39  SCV  
  42  3:42  SCV  
  42  3:46  Medivac  
  45  3:49  Supply Depot  
  45  3:52  SCV  
  45  3:54  SCV  
  45  3:55  Marine  
  52  4:03  Hellion x2  
  52  4:04  SCV  
  52  4:07  SCV  
  54  4:14  Supply Depot  
  54  4:15  Barracks Tech Lab  
  54  4:24  Hellion  
  54  4:25  Hellion, SCV x2  
  60  4:31  Supply Depot  
  60  4:36  Marine  
  60  4:37  SCV x2  
Show
View Real Time Build Order
Export as new Build Order

A.I. 1 (Very Easy) Zerg - Winner!

Build Orders: Pool Only 

Get SALT Encoding   

  12  0:01  Drone  
  13  0:12  Overlord  
  13  0:17  Drone  
  14  0:35  Spawning Pool  
  13  0:37  Extractor  
  13  0:39  Drone  
  13  0:47  Drone  
  14  0:52  Overlord  
  14  1:22  Zergling x2, Queen  
  17  1:30  Roach Warren  
  16  1:34  Drone  
  16  1:38  Extractor  
  16  1:40  Zergling x2  
  16  1:42  Drone  
  18  1:55  Drone  
  18  1:59  Zergling x2  
  20  2:06  Drone  
  21  2:17  Drone  
  22  2:27  Drone  
  22  2:29  Overlord  
  23  2:34  Drone  
  24  2:42  Drone  
  25  4:01  Zergling x2  
Tags
 
Add a new tag
Caveats
  • Supply blocks, unpowered buildings, or Contaminate may cause inaccurate times.
  • Supply counts are checked every 10 seconds.